[Event "HUN-ch Rapid 2018"]
[Site "Ajka"]
[Date "2018.07.21"]
[Round "9"]
[White "Szukics, Adam"]
[Black "Bagi, Mate"]
[Result "0-1"]
[ECO "A43"]
[WhiteElo "2010"]
[BlackElo "2394"]
[Annotator "NA RC"]
[PlyCount "78"]
[EventDate "2018.07.20"]
[EventType "swiss"]
[EventCountry "HUN"]
[SourceTitle "playchess.com"]
[Source "ChessBase"]
[SourceQuality "1"]
[TimeControl "1200+5"]

1. d4 Nf6 2. Nf3 c5 3. d5 b5 4. Bg5 Qb6 5. c3 a6 6. g3 Bb7 7. Bxf6 Qxf6 8. Bg2 g6 9. O-O Bg7 10. e4 d6 11. Qe2 O-O 12. a4 e6 13. Rd1 exd5 14. exd5 b4 15. a5 Nd7 16. Ra4 Rfe8 17. Qf1 Rab8 18. cxb4 Qxb2 19. bxc5 Nxc5 20. Rc4 Qa2 21. Nd4 Bxd4 22. Rcxd4 Qxa5 23. Nd2 Qc7 24. Qc4 Qd7 25. Qc3 Rbc8 26. Qb2 a5 27. Nc4 Qd8 28. Bh3 Rb8 29. Qc3 a4 30. Ne3 h5 31. Ng2 Bc8 32. Bxc8 Qxc8 33. Nf4 Qf5 34. Rc4 Rb1 35. Rxb1 Qxb1+ 36. Kg2 Re1 37. Nd3 Rg1+ 38. Kh3 Qxd3 39. Rxc5 Qf5+ 0-1

[Event "HUN-ch Rapid 2018"]
[Site "Ajka"]
[Date "2018.07.21"]
[Round "10"]
[White "Kiss, Pal"]
[Black "Sarok, Peter"]
[Result "1-0"]
[ECO "D30"]
[WhiteElo "2356"]
[BlackElo "2105"]
[Annotator "NA"]
[PlyCount "57"]
[EventDate "2018.07.20"]
[EventType "swiss"]
[EventCountry "HUN"]
[SourceTitle "playchess.com"]
[Source "ChessBase"]
[SourceQuality "1"]
[TimeControl "1200+5"]

1. d4 d5 2. c4 e6 3. Nf3 c6 4. Qc2 Nf6 5. g3 Nbd7 6. Bg2 Ne4 7. O-O Bd6 8. Nbd2 f5 9. Ne1 O-O 10. Nd3 Ndf6 11. Nf3 Bd7 12. Bf4 Be7 13. c5 h6 14. Nfe5 Be8 15. f3 Ng5 16. b4 a6 17. a4 Nf7 18. Ng6 Nh5 19. Nxf8 Kxf8 20. Be5 Nf6 21. Nf4 Qd7 22. Ng6+ Kg8 23. b5 axb5 24. axb5 Rxa1 25. Rxa1 cxb5 26. Ra7 Nxe5 27. Nxe5 Qc8 28. c6 Bd6 29. Rxb7 1-0

[Event "HUN-ch Rapid 2018"]
[Site "Ajka"]
[Date "2018.07.21"]
[Round "10"]
[White "Hoang, Thanh Trang"]
[Black "Galyas, Miklos"]
[Result "0-1"]
[ECO "D00"]
[WhiteElo "2351"]
[BlackElo "2382"]
[Annotator "RC"]
[PlyCount "188"]
[EventDate "2018.07.20"]
[EventType "swiss"]
[EventCountry "HUN"]
[SourceTitle "playchess.com"]
[Source "ChessBase"]
[SourceQuality "1"]
[TimeControl "1200+5"]

1. d4 d5 2. Bf4 Nf6 3. e3 c5 4. Nf3 Nc6 5. c3 Qb6 6. Qc2 g6 7. Nbd2 Bg7 8. Be2 O-O 9. O-O Bf5 10. dxc5 Qxc5 11. Qb3 Ne4 12. Nxe4 Bxe4 13. Bg3 Na5 14. Qb5 Qxb5 15. Bxb5 a6 16. Be2 b5 17. Nd2 Bf5 18. Bf3 Rad8 19. Bc7 Nc4 20. Nxc4 bxc4 21. Bxd8 Rxd8 22. Rfd1 Bd3 23. Rd2 e5 24. Be2 e4 25. f3 f5 26. fxe4 dxe4 27. Bxd3 cxd3 28. g3 Bf8 29. Kf2 g5 30. Rc1 Rc8 31. Rdd1 f4 32. gxf4 gxf4 33. Rg1+ Kh8 34. Rg4 fxe3+ 35. Kxe3 Bh6+ 36. Kxe4 Bxc1 37. Kxd3 Bxb2 38. c4 Bg7 39. Re4 Kg8 40. Re6 a5 41. Rb6 Rd8+ 42. Kc2 Bf8 43. Rb5 a4 44. Ra5 a3 45. c5 Rd5 46. Rxa3 Rxc5+ 47. Rc3 Rh5 48. h3 Kf7 49. Rf3+ Ke7 50. a4 Bg7 51. Kd2 Kd6 52. Ke2 Bd4 53. Kf1 Kd5 54. Kg2 Ke4 55. Rg3 Be3 56. Rg7 h6 57. Kg3 Ra5 58. Rg4+ Kd3 59. Rb4 Bd4 60. Kg4 Kc3 61. Rb5 Rxa4 62. Kh5 Be3 63. Rd5 Bd2 64. Kg6 Kc2 65. Kh5 Kd1 66. Re5 Ra3 67. Kg4 Be3 68. h4 Ke2 69. Re4 Ra8 70. Re6 Rg8+ 71. Kh3 Kf3 72. Ra6 Rg3+ 73. Kh2 Rg4 74. Kh3 Rf4 75. Rxh6 Ra4 76. Rc6 Ra1 77. Rc2 Rh1+ 78. Rh2 Rg1 79. Ra2 Rg3+ 80. Kh2 Bg1+ 81. Kh1 Bc5 82. Rc2 Bd4 83. Rd2 Be3 84. Ra2 Rg4 85. h5 Bf4 86. Ra3+ Ke4 87. Rh3 Bh6 88. Kh2 Kf5 89. Rb3 Rh4+ 90. Kg2 Ra4 91. Kh3 Bg5 92. Rf3+ Bf4 93. Rb3 Ra2 94. Rb5+ Be5 0-1

[Event "HUN-ch Rapid 2018"]
[Site "Ajka"]
[Date "2018.07.21"]
[Round "10"]
[White "Deak, Sandor"]
[Black "Czupor, Attila"]
[Result "1-0"]
[ECO "D10"]
[WhiteElo "2335"]
[BlackElo "2045"]
[Annotator "NA"]
[PlyCount "149"]
[EventDate "2018.07.20"]
[EventType "swiss"]
[EventCountry "HUN"]
[SourceTitle "playchess.com"]
[Source "ChessBase"]
[SourceQuality "1"]
[TimeControl "1200+5"]

1. d4 d5 2. c4 c6 3. cxd5 cxd5 4. Nc3 Nf6 5. Bf4 Nc6 6. e3 a6 7. Bd3 Bg4 8. Nge2 e6 9. O-O Bd6 10. f3 Bh5 11. Rc1 O-O 12. Na4 e5 13. dxe5 Nxe5 14. Bb1 b5 15. Nac3 Nc4 16. Qd4 Nxb2 17. Bxd6 Qxd6 18. Nxb5 axb5 19. Qxb2 b4 20. Nd4 Bg6 21. Rfe1 Rfc8 22. Nf5 Qd7 23. g4 h5 24. h3 Rxc1 25. Rxc1 Bxf5 26. Bxf5 Qd6 27. Bb1 hxg4 28. hxg4 Nd7 29. Kg2 Ne5 30. Qd4 Ng6 31. f4 Re8 32. Kf3 Qe6 33. Bxg6 fxg6 34. Rc5 Qe4+ 35. Qxe4 dxe4+ 36. Kg3 Ra8 37. Rc4 Rxa2 38. Rxb4 Kf7 39. Rxe4 Ra3 40. Kf3 Rb3 41. Ra4 Rb1 42. Ra7+ Kf8 43. g5 Rb3 44. Rd7 Rb4 45. Rd4 Rb3 46. Ke4 Rb5 47. Rd5 Rb3 48. Kd4 Rb4+ 49. Ke5 Ke7 50. Ra5 Rb7 51. e4 Rc7 52. Ra6 Kf7 53. f5 gxf5 54. g6+ Ke7 55. Kxf5 Rc5+ 56. e5 Rc7 57. Ra8 Rc1 58. Ra7+ Kf8 59. Ke6 Rc8 60. Rf7+ Kg8 61. Rd7 Kf8 62. Kd6 Ra8 63. Rf7+ Kg8 64. Rc7 Kf8 65. Kd7 Re8 66. Rc3 Re7+ 67. Kd6 Re8 68. Rf3+ Kg8 69. e6 Ra8 70. e7 Ra6+ 71. Kd5 Ra5+ 72. Kc6 Ra8 73. Rd3 Rc8+ 74. Kb7 Re8 75. Rd8 1-0

[Event "HUN-ch Rapid 2018"]
[Site "Ajka"]
[Date "2018.07.21"]
[Round "10"]
[White "Csonka, Balazs"]
[Black "Szukics, Adam"]
[Result "1-0"]
[ECO "E06"]
[WhiteElo "2311"]
[BlackElo "2010"]
[Annotator "NA"]
[PlyCount "81"]
[EventDate "2018.07.20"]
[EventType "swiss"]
[EventCountry "HUN"]
[SourceTitle "playchess.com"]
[Source "ChessBase"]
[SourceQuality "1"]
[TimeControl "1200+5"]

1. d4 d5 2. Nf3 Nf6 3. c4 e6 4. g3 Be7 5. Bg2 O-O 6. O-O dxc4 7. Ne5 Nc6 8. Nxc6 bxc6 9. e3 Rb8 10. Qa4 Rb6 11. Nd2 c5 12. dxc5 Bxc5 13. Nxc4 Rb4 14. Qc2 Ba6 15. b3 Bxc4 16. bxc4 Rb6 17. Bb2 Qe7 18. Rab1 Rfb8 19. Bc3 Bb4 20. Ba1 Ne8 21. Rfd1 Bc5 22. Bc3 Bb4 23. Bxb4 Rxb4 24. Bc6 Nf6 25. c5 g6 26. Rxb4 Rxb4 27. Qc3 Rb8 28. h3 Rd8 29. Rb1 h5 30. Rb7 h4 31. g4 Nd5 32. Bxd5 Rxd5 33. Rxa7 e5 34. c6 Rc5 35. Qa3 e4 36. Rxc7 Qxc7 37. Qxc5 Kh7 38. Qc4 Qe5 39. c7 Qa1+ 40. Kg2 Qd1 41. Qxf7+ 1-0

[Event "HUN-ch Rapid 2018"]
[Site "Ajka"]
[Date "2018.07.21"]
[Round "10"]
[White "Csala, Imre"]
[Black "Egresi, Mate"]
[Result "0-1"]
[ECO "D37"]
[WhiteElo "2146"]
[BlackElo "2280"]
[Annotator "NA"]
[PlyCount "120"]
[EventDate "2018.07.20"]
[EventType "swiss"]
[EventCountry "HUN"]
[SourceTitle "playchess.com"]
[Source "ChessBase"]
[SourceQuality "1"]
[TimeControl "1200+5"]

1. d4 d5 2. Nf3 Nf6 3. c4 e6 4. Nc3 Be7 5. Bf4 O-O 6. e3 c5 7. dxc5 Bxc5 8. Rc1 Nc6 9. Be2 d4 10. exd4 Nxd4 11. Nxd4 Bxd4 12. O-O e5 13. Bg5 Be6 14. Qb3 h6 15. Bh4 Qb6 16. Nb5 g5 17. Bg3 Ne4 18. Nxd4 Qxd4 19. Rfd1 Nxg3 20. hxg3 Qb6 21. Qc3 Qc7 22. Bf3 Rad8 23. Re1 f6 24. c5 Rd4 25. b3 Rfd8 26. Be2 Kg7 27. Bb5 Rd2 28. Re2 Rxe2 29. Bxe2 Bd5 30. Bf3 Bxf3 31. gxf3 Qd7 32. Kg2 Qd2 33. c6 Qxc3 34. Rxc3 bxc6 35. Rxc6 Rd7 36. g4 Kf7 37. Ra6 Kg6 38. b4 Rf7 39. a4 h5 40. gxh5+ Kxh5 41. b5 Kg6 42. Kg3 Kf5 43. Rc6 Rd7 44. a5 Rd5 45. Rc7 Rxb5 46. Rxa7 Rb3 47. Kg2 Ra3 48. Ra6 Ra1 49. Kh2 Ra2 50. Kg3 Ra4 51. Kg2 Ra3 52. Ra8 Kf4 53. Ra6 f5 54. Rb6 Rxa5 55. Rb4+ e4 56. fxe4 fxe4 57. Rb3 Ra2 58. Rc3 Rd2 59. Rc8 e3 60. Rf8+ Kg4 0-1

[Event "HUN-ch Rapid 2018"]
[Site "Ajka"]
[Date "2018.07.21"]
[Round "10"]
[White "Miszler, Levente"]
[Black "Martini, Balazs"]
[Result "0-1"]
[ECO "A14"]
[WhiteElo "1809"]
[BlackElo "2295"]
[Annotator "NA"]
[PlyCount "86"]
[EventDate "2018.07.20"]
[EventType "swiss"]
[EventCountry "HUN"]
[SourceTitle "playchess.com"]
[Source "ChessBase"]
[SourceQuality "1"]
[TimeControl "1200+5"]

1. Nf3 d5 2. c4 e6 3. g3 Nf6 4. Bg2 Be7 5. O-O O-O 6. cxd5 exd5 7. d4 c6 8. Nc3 Bf5 9. Bf4 h6 10. Qb3 Qb6 11. Qxb6 axb6 12. Ne5 Nbd7 13. Nxd7 Nxd7 14. f3 Bf6 15. Be3 b5 16. a3 Nb6 17. Bf2 Na4 18. Nxa4 Rxa4 19. e4 Be6 20. e5 Bd8 21. Be3 Bb6 22. Rad1 h5 23. f4 Bf5 24. Bf3 g6 25. Kg2 b4 26. axb4 Rxb4 27. Rd2 Ra8 28. h3 Ra2 29. Rff2 Rb3 30. g4 hxg4 31. hxg4 Bb1 32. Rfe2 Ba5 33. Rd1 Raxb2 34. Rxb2 Rxb2+ 35. Bf2 Bc3 36. Kg3 b5 37. Rc1 b4 38. Bd1 Be4 39. Ba4 Ra2 40. Bxc6 Bd2 41. Rc5 Ra3+ 42. Kh4 Bxf4 43. g5 Bf5 0-1

[Event "HUN-ch Rapid 2018"]
[Site "Ajka"]
[Date "2018.07.22"]
[Round "11"]
[White "Galyas, Miklos"]
[Black "Horvath, Peter"]
[Result "1-0"]
[ECO "A13"]
[WhiteElo "2382"]
[BlackElo "2438"]
[Annotator "NA"]
[PlyCount "39"]
[EventDate "2018.07.20"]
[EventType "swiss"]
[EventCountry "HUN"]
[SourceTitle "playchess.com"]
[Source "ChessBase"]
[SourceQuality "1"]
[TimeControl "1200+5"]

1. Nf3 d5 2. c4 e6 3. g3 Nf6 4. Bg2 d4 5. O-O c5 6. e3 Nc6 7. exd4 cxd4 8. d3 Be7 9. Re1 O-O 10. Na3 Nd7 11. Nc2 e5 12. Bd2 a5 13. a3 a4 14. Nb4 f6 15. Nh4 Ndb8 16. Bd5+ Kh8 17. f4 Bd6 18. f5 Qe8 19. Ng6+ hxg6 20. Qg4 1-0

[Event "HUN-ch Rapid 2018"]
[Site "Ajka"]
[Date "2018.07.22"]
[Round "11"]
[White "Dankhazi, Andras"]
[Black "Geher, Koppany"]
[Result "1-0"]
[ECO "D71"]
[WhiteElo "2361"]
[BlackElo "2207"]
[Annotator "NA"]
[PlyCount "29"]
[EventDate "2018.07.20"]
[EventType "swiss"]
[EventCountry "HUN"]
[SourceTitle "playchess.com"]
[Source "ChessBase"]
[SourceQuality "1"]
[TimeControl "1200+5"]

1. d4 Nf6 2. c4 g6 3. g3 c6 4. Bg2 d5 5. Qa4 Nbd7 6. cxd5 cxd5 7. Nc3 Bg7 8. e3 O-O 9. Nge2 e6 10. O-O a6 11. Nf4 b5 12. Qd1 Bb7 13. Nd3 Qe7 14. Qb3 Ne4 15. a4 1-0

[Event "HUN-ch Rapid 2018"]
[Site "Ajka"]
[Date "2018.07.22"]
[Round "11"]
[White "Csonka, Attila Istvan"]
[Black "Jakab, Attila"]
[Result "0-1"]
[ECO "C10"]
[WhiteElo "2337"]
[BlackElo "2363"]
[Annotator "NA"]
[PlyCount "53"]
[EventDate "2018.07.20"]
[EventType "swiss"]
[EventCountry "HUN"]
[SourceTitle "playchess.com"]
[Source "ChessBase"]
[SourceQuality "1"]
[TimeControl "1200+5"]

1. e4 e6 2. d4 d5 3. Nd2 dxe4 4. Nxe4 Nd7 5. Nf3 Ngf6 6. Bg5 Be7 7. Bxf6 Nxf6 8. Bd3 O-O 9. Qe2 Nd5 10. O-O-O Nf4 11. Qd2 Nxd3+ 12. Qxd3 b6 13. h4 h6 14. Kb1 Bb7 15. c4 f5 16. Nc3 Bf6 17. Rhe1 Bxh4 18. Rxe6 Bxf2 19. d5 Bc5 20. Nb5 Bc8 21. Re2 f4 22. Nbd4 Bxd4 23. Qxd4 Qf6 24. Qxf6 Rxf6 25. Re7 Rf7 26. Rde1 Bf5+ 27. Kc1 0-1

[Event "HUN-ch Rapid 2018"]
[Site "Ajka"]
[Date "2018.07.22"]
[Round "11"]
[White "Szelenyi, Norbert"]
[Black "Bagi, Mate"]
[Result "0-1"]
[ECO "A01"]
[WhiteElo "2284"]
[BlackElo "2394"]
[Annotator "NA"]
[PlyCount "36"]
[EventDate "2018.07.20"]
[EventType "swiss"]
[EventCountry "HUN"]
[SourceTitle "playchess.com"]
[Source "ChessBase"]
[SourceQuality "1"]
[TimeControl "1200+5"]

1. b3 e5 2. Bb2 Nc6 3. e3 Nf6 4. Bb5 Bd6 5. Ne2 a6 6. Bxc6 dxc6 7. d4 e4 8. c4 O-O 9. Ba3 Re8 10. Bxd6 cxd6 11. Nbc3 Qa5 12. Qd2 Qg5 13. Nf4 b5 14. Qe2 Rb8 15. Rc1 Bg4 16. Qc2 bxc4 17. bxc4 Rb4 18. h3 Bc8 0-1

[Event "HUN-ch Rapid 2018"]
[Site "Ajka"]
[Date "2018.07.22"]
[Round "11"]
[White "Laszlo, Janos"]
[Black "Kiss, Pal"]
[Result "1/2-1/2"]
[ECO "D47"]
[WhiteElo "2273"]
[BlackElo "2356"]
[Annotator "NA"]
[PlyCount "33"]
[EventDate "2018.07.20"]
[EventType "swiss"]
[EventCountry "HUN"]
[SourceTitle "playchess.com"]
[Source "ChessBase"]
[SourceQuality "1"]
[TimeControl "1200+5"]

1. c4 e6 2. d4 d5 3. Nc3 c6 4. e3 Nf6 5. Nf3 Nbd7 6. Bd3 dxc4 7. Bxc4 b5 8. Bb3 b4 9. Ne2 Bd6 10. O-O O-O 11. Re1 Bb7 12. Ng3 c5 13. Bd2 a5 14. Rc1 Qb6 15. dxc5 Nxc5 16. Bc4 Rfd8 17. Qe2 1/2-1/2

[Event "HUN-ch Rapid 2018"]
[Site "Ajka"]
[Date "2018.07.22"]
[Round "11"]
[White "Teglas, Balazs"]
[Black "Hajnal, Zoltan"]
[Result "1-0"]
[ECO "C28"]
[WhiteElo "2201"]
[BlackElo "2357"]
[Annotator "NA"]
[PlyCount "52"]
[EventDate "2018.07.20"]
[EventType "swiss"]
[EventCountry "HUN"]
[SourceTitle "playchess.com"]
[Source "ChessBase"]
[SourceQuality "1"]
[TimeControl "1200+5"]

1. e4 e5 2. Nc3 Nc6 3. Bc4 Nf6 4. d3 Na5 5. Bb3 Bb4 6. Nge2 Nxb3 7. axb3 d5 8. exd5 Nxd5 9. O-O O-O 10. Bd2 Be7 11. Nxd5 Qxd5 12. Nc3 Qc6 13. Qe2 f6 14. Qe4 Qxe4 15. dxe4 c6 16. Be3 a6 17. Rfd1 Be6 18. Bb6 Rac8 19. Rd2 Kf7 20. Be3 g6 21. Rad1 f5 22. f3 f4 23. Bb6 g5 24. Kf2 h5 25. Na4 c5 26. c4 g4 1-0

[Event "HUN-ch Rapid 2018"]
[Site "Ajka"]
[Date "2018.07.22"]
[Round "11"]
[White "Varga, Klara"]
[Black "Hoang, Thanh Trang"]
[Result "1-0"]
[ECO "A10"]
[WhiteElo "2183"]
[BlackElo "2351"]
[Annotator "NA"]
[PlyCount "38"]
[EventDate "2018.07.20"]
[EventType "swiss"]
[EventCountry "HUN"]
[SourceTitle "playchess.com"]
[Source "ChessBase"]
[SourceQuality "1"]
[TimeControl "1200+5"]

1. c4 f5 2. Nc3 Nf6 3. g3 g6 4. Bg2 Bg7 5. d3 d6 6. e4 Nc6 7. Nge2 e5 8. O-O O-O 9. Nd5 Be6 10. Be3 Qd7 11. Qd2 Ng4 12. Rae1 fxe4 13. dxe4 Nxe3 14. Qxe3 Nd4 15. Nxd4 exd4 16. Qd3 Rae8 17. f4 c6 18. Nb4 Bg4 19. Kh1 Rf7 1-0

[Event "HUN-ch Rapid 2018"]
[Site "Ajka"]
[Date "2018.07.22"]
[Round "11"]
[White "Gaal, Zsoka"]
[Black "Deak, Sandor"]
[Result "0-1"]
[ECO "A05"]
[WhiteElo "2044"]
[BlackElo "2335"]
[Annotator "NA"]
[PlyCount "30"]
[EventDate "2018.07.20"]
[EventType "swiss"]
[EventCountry "HUN"]
[SourceTitle "playchess.com"]
[Source "ChessBase"]
[SourceQuality "1"]
[TimeControl "1200+5"]

1. Nf3 Nf6 2. g3 g6 3. Bg2 Bg7 4. d4 O-O 5. O-O d6 6. b3 e5 7. dxe5 dxe5 8. Qxd8 Rxd8 9. Bb2 e4 10. Ng5 Bf5 11. Nc3 h6 12. Nh3 Nc6 13. Rfd1 e3 14. fxe3 Bxc2 15. Rxd8+ Rxd8 0-1

[Event "HUN-ch Rapid 2018"]
[Site "Ajka"]
[Date "2018.07.22"]
[Round "13"]
[White "Banusz, Tamas"]
[Black "Bagi, Mate"]
[Result "1-0"]
[ECO "A04"]
[WhiteElo "2592"]
[BlackElo "2394"]
[Annotator "ChessBase"]
[PlyCount "99"]
[EventDate "2018.07.20"]
[EventType "swiss"]
[EventCountry "HUN"]
[SourceTitle "playchess.com"]
[Source "ChessBase"]
[SourceQuality "1"]
[TimeControl "1200+5"]

1. Nf3 c5 2. c4 Nc6 3. d4 cxd4 4. Nxd4 e5 5. Nb5 d6 6. N1c3 a6 7. Na3 Nf6 8. g3 Be7 9. Bg2 O-O 10. O-O Bg4 11. Nc2 Qd7 12. Ne3 Bh3 13. Ned5 Bxg2 14. Kxg2 Nxd5 15. Nxd5 Rae8 16. b3 f5 17. Ba3 Rd8 18. e3 Qe6 19. Qd2 Rf7 20. Rad1 Bf8 21. f3 h5 22. h4 g6 23. Bb2 Bh6 24. f4 Bg7 25. a4 Rfd7 26. Rfe1 Ne7 27. Bc3 Nxd5 28. Qxd5 Qxd5+ 29. Rxd5 Kf7 30. e4 fxe4 31. Rxe4 exf4 32. Rxf4+ Kg8 33. Bxg7 Kxg7 34. Rfd4 Kf6 35. Kf3 b6 36. g4 hxg4+ 37. Kxg4 Kf7 38. Kg5 Kg7 39. b4 Re7 40. Rxd6 Re5+ 41. Kf4 Rf5+ 42. Ke3 Re5+ 43. Kd3 Rf8 44. Rg4 Rf6 45. Rxf6 Kxf6 46. Rf4+ Kg7 47. Kd4 Re1 48. c5 Rb1 49. Kd5 a5 50. cxb6 1-0

[Event "HUN-ch Rapid 2018"]
[Site "Ajka"]
[Date "2018.07.22"]
[Round "13"]
[White "Csiszar, Csaba"]
[Black "Szalanczi, Emil"]
[Result "1-0"]
[ECO "D97"]
[WhiteElo "2432"]
[BlackElo "2214"]
[Annotator "NA"]
[PlyCount "171"]
[EventDate "2018.07.20"]
[EventType "swiss"]
[EventCountry "HUN"]
[SourceTitle "playchess.com"]
[Source "ChessBase"]
[SourceQuality "1"]
[TimeControl "1200+5"]

1. d4 Nf6 2. Nf3 g6 3. c4 Bg7 4. Nc3 d5 5. Qb3 dxc4 6. Qxc4 O-O 7. e4 a6 8. e5 Nfd7 9. Be3 Nb6 10. Qc5 Be6 11. b3 Nc6 12. Rd1 Bd5 13. Be2 e6 14. O-O Re8 15. Qa3 h6 16. Qc1 Kh7 17. h4 Ne7 18. h5 Nf5 19. Bf4 Rc8 20. b4 Qe7 21. a3 Red8 22. Nxd5 Nxd5 23. Bd2 c6 24. Qc2 Rg8 25. Bd3 Kh8 26. g3 Qd7 27. Kg2 g5 28. g4 Nfe7 29. Bc4 f5 30. exf6 Bxf6 31. Ne5 Bxe5 32. dxe5 Rcf8 33. Ba2 Rg7 34. Bb1 Rgf7 35. f3 Qc7 36. Rde1 Qb6 37. Re2 Kg8 38. Ba2 Rg7 39. a4 Rff7 40. Qc4 Rf8 41. Bb1 Rgf7 42. Be4 Rg7 43. Rb1 Rgf7 44. Rb3 Rf4 45. Kh2 R4f7 46. Be1 Qc7 47. Bg3 Kg7 48. Rb1 Qb6 49. Bf2 Qc7 50. Bg3 Qb6 51. Rb3 Qc7 52. Kg2 Qb6 53. Kh1 Qc7 54. Qc5 Rd8 55. a5 Qd7 56. Rd3 Qc7 57. Qc4 Rdf8 58. Qd4 Qd7 59. Rc2 Qe8 60. Qc5 Qb8 61. Rb3 Qd8 62. Re2 Qb8 63. Qd6 Qc8 64. Kh2 Rd8 65. Qc5 Rdf8 66. Qc4 Qd7 67. Bf2 Nf4 68. Ra2 Ned5 69. Bc5 Rd8 70. Bd6 Nc7 71. Bg6 Nb5 72. Bxf7 Qxf7 73. Rd2 Nd5 74. Bc5 Rd7 75. Rc2 Rd8 76. Rd3 Qc7 77. Qe4 Qf7 78. Bf2 Rf8 79. Bg3 Qe8 80. Rcd2 Qf7 81. Kg1 Rg8 82. Rf2 Rf8 83. Kh2 Qe8 84. f4 gxf4 85. Bxf4 Nbc7 86. Bxh6+ 1-0

[Event "HUN-ch Rapid 2018"]
[Site "Ajka"]
[Date "2018.07.22"]
[Round "13"]
[White "Mihok, Oliver"]
[Black "Vertetics, Attila"]
[Result "1/2-1/2"]
[ECO "B11"]
[WhiteElo "2426"]
[BlackElo "2506"]
[Annotator "ChessBase"]
[PlyCount "84"]
[EventDate "2018.07.20"]
[EventType "swiss"]
[EventCountry "HUN"]
[SourceTitle "playchess.com"]
[Source "ChessBase"]
[SourceQuality "1"]
[TimeControl "1200+5"]

1. e4 c6 2. Nc3 d5 3. Nf3 Bg4 4. h3 Bxf3 5. Qxf3 e6 6. d4 Nf6 7. Bd3 dxe4 8. Nxe4 Nxe4 9. Qxe4 Nd7 10. c3 Nf6 11. Qe2 Bd6 12. O-O Qc7 13. a4 Bh2+ 14. Kh1 Bf4 15. Bxf4 Qxf4 16. a5 O-O 17. g3 Qc7 18. Qe5 Rac8 19. Rfd1 Rfd8 20. Be2 Qe7 21. Bf3 Qc7 22. Qc5 Nd7 23. Qb4 Nf6 24. Kg2 Nd5 25. Qc5 a6 26. Ra3 Qe7 27. Rb3 Rd7 28. c4 Nf6 29. Qxe7 Rxe7 30. d5 exd5 31. cxd5 cxd5 32. Bxd5 Nxd5 33. Rxd5 g6 34. Rd2 Rc5 35. Rd8+ Kg7 36. Rb8 Rxa5 37. R8xb7 Rxb7 38. Rxb7 Ra2 39. Rb6 a5 40. h4 a4 41. Ra6 Rxb2 42. Rxa4 h5 1/2-1/2

[Event "HUN-ch Rapid 2018"]
[Site "Ajka"]
[Date "2018.07.22"]
[Round "13"]
[White "Dankhazi, Andras"]
[Black "Kormos, Adam"]
[Result "1-0"]
[ECO "A41"]
[WhiteElo "2361"]
[BlackElo "2201"]
[Annotator "NA"]
[PlyCount "121"]
[EventDate "2018.07.20"]
[EventType "swiss"]
[EventCountry "HUN"]
[SourceTitle "playchess.com"]
[Source "ChessBase"]
[SourceQuality "1"]
[TimeControl "1200+5"]

1. d4 d6 2. Nf3 Bg4 3. c4 Nd7 4. g3 Bxf3 5. exf3 g6 6. Nc3 c6 7. Be3 Bg7 8. Qd2 a6 9. d5 c5 10. h4 h5 11. f4 Nh6 12. Bh3 Rb8 13. a4 Qa5 14. Qd3 Nb6 15. Bd2 Qb4 16. Bf1 Nd7 17. Ra2 Qb3 18. a5 O-O 19. Ra3 Qxb2 20. Nd1 Qd4 21. Qe2 Qf6 22. Bh3 Nf5 23. Bc3 e5 24. Ne3 Rfe8 25. Bxf5 gxf5 26. Qxh5 Qg6 27. Qxf5 Qxf5 28. Nxf5 exf4+ 29. Kd2 Bxc3+ 30. Rxc3 b5 31. Nxd6 Red8 32. gxf4 Nf6 33. Rg3+ Kf8 34. Nf5 Ne4+ 35. Kc2 Nxg3 36. fxg3 bxc4 37. d6 Rb5 38. h5 Rxa5 39. h6 Kg8 40. Rb1 Rb5 41. Re1 Rb6 42. Rd1 Kh7 43. g4 Rd7 44. Rd5 c3 45. Rxc5 Rbxd6 46. Nxd6 Rxd6 47. g5 Kg6 48. Kxc3 f6 49. Kb4 fxg5 50. fxg5 Re6 51. Ka5 Rd6 52. Re5 Rc6 53. Kb4 Rd6 54. Kc5 Rd1 55. Rd5 Rb1 56. Kd6 Ra1 57. Ke7 a5 58. Kf8 Kh7 59. Rd7+ Kh8 60. g6 Rf1+ 61. Rf7 1-0

[Event "HUN-ch Rapid 2018"]
[Site "Ajka"]
[Date "2018.07.22"]
[Round "13"]
[White "Csonka, Attila Istvan"]
[Black "Kovacs, Elod"]
[Result "1-0"]
[ECO "B12"]
[WhiteElo "2337"]
[BlackElo "2061"]
[Annotator "NA"]
[PlyCount "61"]
[EventDate "2018.07.20"]
[EventType "swiss"]
[EventCountry "HUN"]
[SourceTitle "playchess.com"]
[Source "ChessBase"]
[SourceQuality "1"]
[TimeControl "1200+5"]

1. e4 c6 2. d4 d5 3. Nd2 a6 4. e5 Bf5 5. h4 h6 6. Nh3 e6 7. Nf4 c5 8. c3 Nc6 9. Nf3 Bg4 10. Be2 Qb6 11. Be3 Bxf3 12. Bxf3 cxd4 13. cxd4 Bb4+ 14. Kf1 Qc7 15. Nh5 Bf8 16. g3 Nge7 17. Bg4 O-O-O 18. Kg2 g6 19. Nf4 Qd7 20. a3 h5 21. Be2 Nf5 22. b4 g5 23. hxg5 Be7 24. b5 axb5 25. Bxb5 Bxg5 26. Qa4 Kb8 27. Rab1 Rc8 28. Rhc1 Nfe7 29. Nd3 Bxe3 30. fxe3 Qc7 31. Ba6 1-0

[Event "HUN-ch Rapid 2018"]
[Site "Ajka"]
[Date "2018.07.22"]
[Round "13"]
[White "Papp, Gellert"]
[Black "Juhasz, Judit"]
[Result "0-1"]
[ECO "B35"]
[WhiteElo "2324"]
[BlackElo "1877"]
[Annotator "NA"]
[PlyCount "94"]
[EventDate "2018.07.20"]
[EventType "swiss"]
[EventCountry "HUN"]
[SourceTitle "playchess.com"]
[Source "ChessBase"]
[SourceQuality "1"]
[TimeControl "1200+5"]

1. e4 c5 2. Nf3 Nc6 3. d4 cxd4 4. Nxd4 g6 5. Nc3 Bg7 6. Be3 Nf6 7. Bc4 Qa5 8. O-O O-O 9. Bb3 d6 10. h3 Bd7 11. Nf3 Rac8 12. Re1 b5 13. a3 a6 14. Qd2 Rfe8 15. Bg5 Qd8 16. Rad1 Be6 17. Qe3 Bxb3 18. cxb3 Nd7 19. Bh6 Bh8 20. Ng5 Qb6 21. Qf4 Nce5 22. Qh4 Bf6 23. Nd5 Qd8 24. f4 Bxg5 25. Bxg5 f6 26. fxe5 fxg5 27. Qxg5 Nxe5 28. Rc1 Nf7 29. Qh4 Rc5 30. b4 Rc4 31. b3 Rxc1 32. Rxc1 g5 33. Qh5 e6 34. Rc7 Rf8 35. Ne7+ Kg7 36. Rb7 Qa8 37. Rc7 Qb8 38. Rc1 Qb6+ 39. Kh1 Qe3 40. Qf3 Qxf3 41. gxf3 Ne5 42. Kg2 Rxf3 43. Nc6 Rxb3 44. Nxe5 dxe5 45. Rc6 Rxa3 46. Rxe6 Ra4 47. Rxa6 Rxa6 0-1

[Event "HUN-ch Rapid 2018"]
[Site "Ajka"]
[Date "2018.07.22"]
[Round "13"]
[White "Szelenyi, Norbert"]
[Black "Teglas, Balazs"]
[Result "1/2-1/2"]
[ECO "A37"]
[WhiteElo "2284"]
[BlackElo "2201"]
[Annotator "NA"]
[PlyCount "56"]
[EventDate "2018.07.20"]
[EventType "swiss"]
[EventCountry "HUN"]
[SourceTitle "playchess.com"]
[Source "ChessBase"]
[SourceQuality "1"]
[TimeControl "1200+5"]

1. c4 c5 2. g3 Nc6 3. Bg2 g6 4. Nc3 Bg7 5. Nf3 e5 6. d3 Nge7 7. O-O O-O 8. Ne1 a6 9. Nc2 Rb8 10. Rb1 b5 11. Ne3 b4 12. Ncd5 d6 13. Qa4 Nd4 14. Nxe7+ Qxe7 15. Qd1 Bd7 16. Nd5 Qd8 17. e3 Nc6 18. Bd2 Ne7 19. Qc2 Nxd5 20. Bxd5 Kh8 21. b3 a5 22. a4 f5 23. f4 exf4 24. gxf4 Qe7 25. Qd1 Bc3 26. Qe1 Bxd2 27. Qxd2 Rbe8 28. Qb2+ Qg7 1/2-1/2

[Event "HUN-ch Rapid 2018"]
[Site "Ajka"]
[Date "2018.07.22"]
[Round "13"]
[White "Egresi, Mate"]
[Black "Hajnal, Zoltan"]
[Result "1-0"]
[ECO "D12"]
[WhiteElo "2280"]
[BlackElo "2357"]
[Annotator "NA"]
[PlyCount "79"]
[EventDate "2018.07.20"]
[EventType "swiss"]
[EventCountry "HUN"]
[SourceTitle "playchess.com"]
[Source "ChessBase"]
[SourceQuality "1"]
[TimeControl "1200+5"]

1. d4 d5 2. c4 c6 3. Nf3 Nf6 4. e3 Bf5 5. Nc3 e6 6. Nh4 Be4 7. f3 Bg6 8. Qb3 Qc7 9. Bd2 Be7 10. Nxg6 hxg6 11. O-O-O Nbd7 12. cxd5 exd5 13. h3 b5 14. Bd3 a5 15. Kb1 Nb6 16. e4 a4 17. Qc2 b4 18. e5 Nfd7 19. Nb5 Qb7 20. Nd6+ Bxd6 21. exd6 O-O 22. Bxb4 Nc4 23. Qc3 a3 24. Bxc4 dxc4 25. Bxa3 Nb6 26. Ka1 Ra4 27. Rhe1 Nd5 28. Qc2 Rfa8 29. Re7 Qa6 30. Rde1 c3 31. Re8+ Kh7 32. Rxa8 Qxa8 33. d7 cxb2+ 34. Bxb2 Nb4 35. Qe4 Ra5 36. a3 Rxa3+ 37. Bxa3 Qxa3+ 38. Kb1 Qb3+ 39. Kc1 Nd3+ 40. Kd2 1-0